AoeStats
← serbia_warriors

Arabia

509271818Analyzed
1v1 RM · 7d ago on Sep 26, 2026· 45m 38s· 2 players
Game mode
Random Map
Map size
Tiny (2 player)
Population
200
Speed
Normal
Resources
Standard
Victory
Conquest
Starting age
Dark Age
Ending age
Imperial Age
RankedLock teamsTeams togetherTeam positionsShared explorationLock speedFull tech treeHidden civsTurbo modeCheats
Victory
Defeat
🇯🇵 Dravidians · Japan
1868
+14
🇨🇦 Shu · Canada
1823
-14
slimeofmind
7:52 Loom
10:05 Feudal Age
13:58 Castle Age
12:13 Double-Bit Axe
12:52 Horse Collar
22:10 Bow Saw
26:04 Man-at-Arms
26:30 Gambesons
26:46 Squires
26:55 Scale Mail Armor
26:52 Town Watch
27:45 Wheelbarrow
27:06 Long Swordsman
29:40 Chain Mail Armor
30:35 Forging
32:14 Gold Mining
32:14 Stone Mining
33:28 Arson
37:10 Heavy Plow
39:33 Fletching
39:44 Padded Archer Armor
39:14 Crossbowman
43:28 Imperial Age
41:08 Bodkin Arrow
42:35 Thumb Ring
44:38 Ballistics
44:46 Bracer
44:54 Arbalester
46:45 Chemistry
serbia_warriors
6:31 Loom
9:14 Feudal Age
9:46 Double-Bit Axe
11:25 Horse Collar
13:27 Fletching
13:46 Fletching
18:48 Castle Age
17:30 Padded Archer Armor
23:08 Bow Saw
23:04 Town Watch
32:39 Scale Mail Armor
34:12 Wheelbarrow
34:34 Forging
36:28 Bodkin Arrow
37:10 Iron Casting
37:56 Chain Mail Armor
38:18 Squires
37:38 Man-at-Arms
42:22 Imperial Age
39:50 Gambesons
39:26 Man-at-Arms
40:25 Arson
40:56 Gold Mining
40:59 Stone Mining
42:43 Heavy Plow
43:34 Plate Mail Armor
42:43 Elite Urumi Swordsman
45:08 Bodkin Arrow
45:28 Leather Archer Armor
44:53 Elite Skirmisher
46:31 Conscription
46:12 Bracer
Connection lost

Rejoining the realm…

Still unreachable

The connection could not be restored.

Session expired

The server has moved on; the page needs a fresh start.